 Dungeon Crawl Stone Soup version 0.31-a0-1388-g4b2ba238e7 (webtiles) character file.

Game seed: 1174079142737318611

230 mandarbmax the Trooper (level 6, -11/66 HPs)
             Began as an Oni Shapeshifter on Dec 24, 2023.
             Mangled by a crocodile (14 damage)
             ... in a sewer.
             The game lasted 00:04:41 (1938 turns).

mandarbmax the Trooper (Oni Shapeshifter)           Turns: 1938, Time: 00:04:42

Health: -11/66     AC:  3    Str: 21    XL:     6   Next: 3%
Magic:  6/6        EV:  9    Int: 11    God:
Gold:   217        SH:  0    Dex:  8    Spells: 5/5 levels left

rFire   . .          .
                       - Unarmed
rCold   + . .        (no shield)
rNeg    . . .        a - +0 animal skin
rPois   .            (helmet currently unavailable)
rElec   .            (cloak currently unavailable)
rCorr   .            (gloves unavailable)
SInv    .            (boots unavailable)
Will    .....        (no amulet)
Stlth   +            (no ring)
HPRegen 0.00/turn    (no ring)
MPRegen 0.10/turn

%: no passive effects
@: mighty, beast-form, inhibited regen
A: beast (slay +2), large, unfitting armour, horns 1, tough skin 1, double
potion healing, drunken brawling, talons 1, cold resistance 1, inhibited
regeneration
a: Begin Untransformation


You were in a sewer.
You were a hulking beast.
You visited 1 branch of the dungeon, and saw 3 of its levels.
You also visited: Sewer.

You collected 217 gold pieces.

Inventory:

Missiles
 r - 5 curare-tipped darts
Armour
 a - a +0 animal skin (worn)
Talismans
 c - a beast talisman
 d - a flux talisman
Scrolls
 e - a scroll of summoning {unknown}
 h - a scroll of enchant armour {unknown}
 j - a scroll of immolation
 k - 2 scrolls of brand weapon {unknown}
 l - a scroll of fog {unknown}
 n - a scroll of identify {unknown}
 o - a scroll of vulnerability {unknown}
 p - a scroll of amnesia {unknown}
 q - a scroll of noise {unknown}
 s - 2 scrolls of teleportation
Potions
 b - 4 potions of enlightenment
 g - a potion of mutation
 i - a potion of cancellation


   Skills:
 + Level 5.3 Fighting
 - Level 2.0 Dodging
 - Level 2.6 Unarmed Combat
 + Level 4.7 Shapeshifting


You had 5 spell levels left.
You didn't know any spells.
Your spell library contained the following spells:

 Spells                   Type           Power      Damage    Failure   Level
 Jinxbite                 Hex            0%         N/A       47%         2
 Yara's Violent Unravell  Hex/Alch       0%         3d3       100%        5
 Enfeeble                 Hex            0%         N/A       100%        7


Dungeon Overview and Level Annotations

Branches:
Dungeon (3/15)              Sewer (1/1)

Altars:


Innate Abilities, Weirdness & Mutations

You are a hulking beast.
Your limbs bulge with bestial killing power. (Slay +2)
You are too large for most types of armour.
You have a pair of small horns on your head.
You have tough skin. (AC +1)
You gain doubled healing and magic from potions.
Whenever you drink a healing potion, you attack all around you.
You have sharp toenails.
Your flesh is cold resistant. (rC+)
You do not regenerate when monsters are visible.


Message History

You see here a crocodile corpse.
You barely miss the frilled lizard.
Your headbutt misses the frilled lizard.
The frilled lizard bites you but does no damage.
You punch the frilled lizard!
You kill the frilled lizard!
A rat comes into view.
The rat squeaks loudly.
You hear a loud squeak.
You are too injured to fight recklessly!
You hit the rat.
You kill the rat!
A rat comes into view.
You see here a rat corpse.
The rat squeaks loudly.
A crocodile comes into view. 2 rats and a frilled lizard come into view.
The rat squeaks loudly. x2; You hear an angry hiss. x2
A malarious merfolk avatar comes into view.
A ball python comes into view.
You barely miss the crocodile.
The malarious merfolk avatar shouts!
The ball python hisses angrily.
The crocodile barely misses you.
The malarious merfolk avatar chants a haunting song.
You are mesmerised by the malarious merfolk avatar!
A frilled lizard comes into view.
You hit the crocodile. Your headbutt misses the crocodile.
The crocodile is lightly wounded.
You break out of your daze!
The crocodile bites you!
* * * LOW HITPOINT WARNING * * *
Unknown command.
You closely miss the crocodile. Your kick misses the crocodile.
The crocodile is lightly wounded.
The crocodile bites you!
* * * LOW HITPOINT WARNING * * *
Okay, then.
You closely miss the crocodile. You headbutt the crocodile!
The crocodile is severely wounded.
The crocodile bites you!
You die...

####### ##..†..##
#..###†.# ######†~#
##.## ###.....~≈# #†.#
##...†###### #.h#
#...~~#≈≈≈≈≈≈≈~~~lrS~~~~
..~~≈≈≈# ######..#rl~l~~
#~†≈#### #..###~~~~
~†≈## #..# ~~≈ ≈#.# #..#
~≈ ##.# #### ≈ ...# ####


You could see a crocodile, a ball python, 2 frilled lizards and 2 rats.

Vanquished Creatures
  A crocodile (Sewer)
  A sickly merfolk siren (Sewer)
  2 adders
  A river rat (Sewer)
  2 dart slugs
  7 ball pythons
  4 endoplasms
  4 giant cockroaches
  5 goblins
  2 hobgoblins (D:1)
  3 jackals (D:1)
  7 quokkas
  3 bats
  16 frilled lizards
  5 kobolds
  40 rats
103 creatures vanquished.

Notes
Turn   | Place    | Note
-------+----------+-------------------------------------------
     0 | D:1      | mandarbmax the Oni Shapeshifter began the quest for the
                  | Orb.
     0 | D:1      | Reached XP level 1. HP: 19/19 MP: 1/1
    93 | D:1      | Reached skill level 2 in Fighting
    93 | D:1      | Reached XP level 2. HP: 13/28 MP: 2/2
   367 | D:1      | Reached XP level 3. HP: 36/36 MP: 3/3
   548 | D:1      | Reached skill level 3 in Fighting
   749 | D:2      | Found a faded altar of an unknown god.
  1036 | D:2      | Reached XP level 4. HP: 39/45 MP: 4/4
  1541 | D:3      | Found a glowing drain.
  1559 | Sewer    | Entered a sewer
  1658 | Sewer    | Reached skill level 4 in Fighting
  1686 | Sewer    | Gained mutation: You have sharp toenails. [potion of
                  | mutation]
  1686 | Sewer    | Gained mutation: You do not regenerate when monsters are
                  | visible. [potion of mutation]
  1686 | Sewer    | Gained mutation: Your flesh is cold resistant. (rC+)
                  | [potion of mutation]
  1694 | Sewer    | Reached XP level 5. HP: 37/55 MP: 5/5
  1907 | Sewer    | Noticed a crocodile
  1924 | Sewer    | Killed a crocodile
  1925 | Sewer    | Reached skill level 5 in Fighting
  1925 | Sewer    | Reached XP level 6. HP: 22/66 MP: 6/6
  1937 | Sewer    | HP: 3/66 [crocodile (10)]
  1938 | Sewer    | Mangled by a crocodile

Illustrated notes

Levels and vault maps discovered:
D:1:      enne_arrival_octagon_isle, layout_rooms, glass_columns_c,
          dreamdust_princess_bridge, minmay_lizard_king
D:2:      layout_loops_ring, hellmonk_ecumenical_altar_blasted
D:3:      layout_loops_ring, mainiacjoe_overflow_catch_the_wave,
          portal_sewer_entry_f
Sewer:    sewer_sea

Skill      XL: |  1  2  3  4  5 |
---------------+----------------+-----
Dodging        | 2 |  2.0
Fighting       | 2 3 4 5 |  5.3
Shapeshifting  | 4 |  4.7
Unarmed Combat | |  2.6

Action                     |  1- 3 |  4- 6 || total
---------------------------+-------+-------++-------
  Melee: Unarmed           |   106 |   123 ||   229
         Headbutt          |    10 |     8 ||    18
         Punch             |     1 |       ||     1
         Kick              |       |     4 ||     4
    Use: Potion            |       |     5 ||     5
 Armour: Animal skin       |    78 |    52 ||   130
         Skin              |       |     1 ||     1
  Dodge: Dodged            |    47 |    37 ||    84

Table legend: (Time is in decaauts)
 A = Elapsed time spent in this place.
 B = Non-inter-level travel time spent in this place.
 C = Inter-level travel time spent in this place.
 D = Time resting spent in this place.
 E = Time spent auto-exploring this place.
 F = Levels seen in this place.
 G = Mean time per level.
                   A        B        C        D        E       F      G
               +--------+--------+--------+--------+--------+-----+--------+
         Total |   1923 |   1868 |     55 |     41 |   1364 |   4 |  480.8 |
       Dungeon |   1550 |   1495 |     55 |      0 |   1202 |   3 |  516.7 |
         Sewer |    373 |    373 |      0 |     41 |    162 |   1 |  373.0 |
               +--------+--------+--------+--------+--------+-----+--------+

Top non-repeatable levels by time:
     D:2: 779 daAuts
     D:1: 705 daAuts
   Sewer: 373 daAuts
     D:3: 65 daAuts
